 Dungeon Crawl Stone Soup version 0.23-a0-290-g290e36d (webtiles) character file.

277 Ijustatesigmund the Sneak (level 6, 0/39 HPs)
             Began as an Octopode Wizard on Oct 3, 2018.
             Slain by an orc wizard
             ... wielding a +2 dagger of holy wrath
              (2 damage)
             ... on level 4 of the Dungeon.
             The game lasted 00:10:00 (3745 turns).

Ijustatesigmund the Sneak (Octopode Wizard)         Turns: 3745, Time: 00:10:02

Health: 0/39       AC:  3    Str:  7    XL:     6   Next: 26%
Magic:  18/19      EV: 18    Int: 20    God:
Gold:   178        SH:  4    Dex: 10    Spells: 5/11 levels left

rFire    . . .     SeeInvis .   b - +1 hand axe
rCold    . . .     Gourm    .   (no shield)
rNeg     . . .     Faith    .   a - +2 hat
rPois    .         Spirit   .   (no amulet)
rElec    .         Reflect  .   f - ring of magical power
rCorr    +         Harm     .   m - ring of resist corrosion
MR       .....                  n - +5 ring of evasion
Stlth    +++.......             (no ring)
HPRegen  0.00/turn              (no ring)
MPRegen  0.16/turn              (no ring)
                                (no ring)
                                (no ring)

@: no status effects
A: almost no armour, stealthy swim, amphibious, 8 rings, constrict 8, large bone
plates 1, camouflage 1, clumsy 1, robust 1, inhibited regeneration, gelatinous
body 1
a: no special abilities


You were on level 4 of the Dungeon.
You were hungry.

You visited 1 branch of the dungeon, and saw 4 of its levels.

You collected 178 gold pieces.

Inventory:

Hand Weapons
 b - a +1 hand axe (weapon)
Missiles
 i - 9 tomahawks (quivered)
 k - 2 exploding tomahawks
Armour
 a - a +2 hat (worn)
Jewellery
 f - a ring of magical power (left tentacle)
 m - a ring of resist corrosion (right tentacle)
 n - a +5 ring of evasion (on tentacle)
Scrolls
 j - a scroll of magic mapping
Potions
 g - a potion of invisibility {unknown}
 h - 2 potions of haste {unknown}
 l - a potion of flight {unknown}
 o - a potion of agility {unknown}
 p - a potion of berserk rage {unknown}
Comestibles
 c - 9 rations


   Skills:
 + Level 3.1 Axes
 - Level 2.0 Dodging
 - Level 3.5 Stealth
 - Level 3.0 Spellcasting
 - Level 2.6 Conjurations
   Level 1.0 Summonings
 + Level 2.7 Translocations
 + Level 2.4 Fire Magic


You had 5 spell levels left.
You knew the following spells:

 Your Spells              Type           Power        Failure   Level  Hunger
a - Magic Dart            Conj           ##..         4%          1    None
b - Blink                 Tloc           N/A          7%          2    ##.....
c - Conjure Flame         Conj/Fire      ##......     16%         3    ###....

Your spell library contained the following spells:

 Spells                   Type           Power        Failure   Level  Hunger
 Call Imp                 Summ           #.......     14%         2    ##.....
 Slow                     Hex            #.......     22%         2    ##.....
 Mephitic Cloud           Conj/Pois/Air  #.......     30%         3    ###....


Dungeon Overview and Level Annotations

Branches:
Dungeon (4/15)
 Temple: D:4-7

Altars:
Dithmenos


Innate Abilities, Weirdness & Mutations

You cannot wear most types of armour.
You are very stealthy in the water. (Stealth+)
You are amphibious.
You can wear up to eight rings at the same time.
You can use your tentacles to constrict eight enemies at once.
Your skin changes colour to match your surroundings (Stealth+).
Your rubbery body absorbs attacks. (AC +1, EV +1)
You are partially covered in large bone plates. (SH +4)
You are clumsy. (Dex -2)
You are robust. (+10% HP)
You do not regenerate when monsters are visible.


Message History

You don't know that spell.
Unknown command.
Unknown command.
Casting: Magic Dart (safe; 4% risk of failure)
Confirm with . or Enter, or press ? or * to list all spells.
You can't see any susceptible monsters within range! (Use Z to cast anyway.)
Casting: Magic Dart (safe; 4% risk of failure)
Confirm with . or Enter, or press ? or * to list all spells.
Aiming: Magic Dart (safe; 4% risk of failure)
Press: ? - help, Shift-Dir - straight line The magic dart hits something.
Something barely misses you.
You barely miss something. Something hits you.
* * * LOW HITPOINT WARNING * * *
Something hits you.
* * * LOW HITPOINT WARNING * * *
You barely miss something.
You hear some strange, mumbled words.
Something tries to affect you, but you resist.
You closely miss something. Your squeeze misses something. Something hits you.
You die...

#+# #... # .. ##.#
#..# .# ...# #..#
.# ###
##..#####..# ##
####.......o..##(
.+
+.........o.......
##
####....#######...
##{### . #@# #.#
######+# #.#
.......# #.#
#####..# ######.#
# #..## #......#
#####...###.######
....>....##.#
##.##...###.#


There were no monsters in sight!

Vanquished Creatures
  An ogre (D:3)
  An orc priest (D:4)
  An iguana (D:3)
  4 adders
  An adder skeleton (D:4)
  A worm (D:2)
  2 dart slugs
  2 leopard geckos
  4 orcs
  5 giant cockroaches
  7 goblins
  7 hobgoblins
  2 jackals (D:1)
  6 kobolds
  4 quokkas
  A ball python (D:1)
  10 bats
  2 frilled lizards
  9 rats
70 creatures vanquished.

Vanquished Creatures (others)
  An orc wizard (D:4)
1 creature vanquished.

Grand Total: 71 creatures vanquished

Notes
Turn   | Place    | Note
-------+----------+-------------------------------------------
     0 | D:1      | Ijustatesigmund the Octopode Wizard began the quest for the
                  | Orb.
     0 | D:1      | Reached XP level 1. HP: 11/11 MP: 4/4
   239 | D:1      | Reached XP level 2. HP: 17/17 MP: 0/6
   243 | D:1      | Learned a level 2 spell: Blink
   481 | D:1      | Gained mutation: You are clumsy. (Dex -2) [potion of
                  | mutation]
   481 | D:1      | Gained mutation: You do not regenerate when monsters are
                  | visible. [potion of mutation]
   481 | D:1      | Gained mutation: You are robust. (+10% HP) [potion of
                  | mutation]
   481 | D:1      | Gained mutation: You are partially covered in large bone
                  | plates. (SH +4) [potion of mutation]
  1060 | D:2      | Reached XP level 3. HP: 23/23 MP: 7/7
  1243 | D:2      | Reached skill level 1 in Axes
  1736 | D:2      | Reached XP level 4. HP: 26/29 MP: 0/8
  1807 | D:2      | Learned a level 3 spell: Conjure Flame
  2256 | D:2      | Found a shadowy altar of Dithmenos.
  2617 | D:3      | Noticed an ogre
  2635 | D:3      | Killed an ogre
  2635 | D:3      | Reached skill level 1 in Fire Magic
  2635 | D:3      | Reached XP level 5. HP: 34/34 MP: 6/9
  3398 | D:4      | Reached XP level 6. HP: 39/39 MP: 10/10
  3745 | D:4      | Slain by an orc wizard

Vault maps used:
D:1:      matt_arrival_diagonals, minmay_misc_feat_iff
D:2:      grunt_dithmenos_smoke_and_mirrors
D:4:      uniq_pikel, uniq_sigmund

Skill      XL: |  1  2  3  4  5  6 |
---------------+-------------------+-----
Stealth        | 3 |  3.5
Conjurations   | 2 |  2.6
Axes           | 1 2 3 |  3.1
Translocations | 2 |  2.7
Fire Magic     | 1 2 |  2.4
Dodging        | |  2.0
Spellcasting   | |  3.0
Summonings     | |  1.0

Action                   |  1- 3 |  4- 6 || total
-------------------------+-------+-------++-------
Melee: Unarmed           |    10 |       ||    10
       Tentacles         |     5 |     2 ||     7
       Constrict         |     9 |     2 ||    11
       Hand axe          |    37 |    31 ||    68
Throw: Tomahawk          |       |     1 ||     1
 Cast: Magic Dart        |    54 |   104 ||   158
       Conjure Flame     |       |     3 ||     3
  Use: Scroll            |     6 |     6 ||    12
       Potion            |     3 |     2 ||     5
 Stab: Sleeping          |     2 |       ||     2
  Eat: Chunk             |     2 |     6 ||     8
Armor: Skin              |    21 |     7 ||    28
Dodge: Dodged            |    33 |    17 ||    50
Block: Other             |     8 |     5 ||    13

Table legend:
 A = Non-vault XP
 B = Vault XP
 C = Vault XP percentage of total XP
 D = Non-vault monster count
 E = Vault monster count
 F = Vault count percentage of total count
                 A         B        C        D         E       F
            +---------+---------+-------+---------+---------+-------
      Total |     397 |       0 |   0.0 |      71 |       0 |   0.0
            +---------+---------+-------+---------+---------+-------
        D:1 |      32 |       0 |   0.0 |      18 |       0 |   0.0
        D:2 |      84 |       0 |   0.0 |      27 |       0 |   0.0
        D:3 |     201 |       0 |   0.0 |      20 |       0 |   0.0
        D:4 |      80 |       0 |   0.0 |       6 |       0 |   0.0
            +---------+---------+-------+---------+---------+-------
